 Dungeon Crawl Stone Soup version 0.27-a0-920-gb2bd10914a (webtiles) character file.

Game seed: 2926942998556186062

7 lauthentik the Vexing (level 1, -2/13 HPs)
             Began as a Vampire Enchanter on Apr 9, 2021.
             Killed by Freeze
             ... generated by an endoplasm
              (4 damage)
             ... on level 1 of the Dungeon.
             The game lasted 00:00:34 (200 turns).

lauthentik the Vexing (Vampire Enchanter)            Turns: 200, Time: 00:00:35

Health: -2/13      AC:  3    Str:  7    XL:     1   Next: 83%
Magic:  1/3        EV: 12    Int: 17    God:
Gold:   0          SH:  0    Dex: 14    Spells: 3/4 levels left

rFire    . . .     SeeInvis +   a - +1 dagger
rCold    . . .     Faith    .   (no shield)
rNeg     . . .     Spirit   .   b - +0 robe
rPois    .         Reflect  .   (no helmet)
rElec    .         Harm     .   (no cloak)
rCorr    .         Rampage  .   (no gloves)
Will     .....                  d - +0 pair of boots
Stlth    +++.......             (no amulet)
HPRegen  0.24/turn              (no ring)
MPRegen  0.08/turn              (no ring)

@: regenerating quickly
A: alive, fangs 3, see invisible, unbreathing 1, vampiric 1
a: Exsanguinate


You were on level 1 of the Dungeon.
You visited 1 branch of the dungeon, and saw 1 of its levels.

Inventory:

Hand Weapons
 a - a +1 dagger (weapon)
Missiles
 c - 38 stones
Armour
 b - a +0 robe (worn)
 d - a +0 pair of boots (worn)
Scrolls
 e - a scroll of identify {unknown}


   Skills:
 + Level 1.3 Short Blades
 + Level 2.2 Dodging
 + Level 4.5 Stealth
 + Level 2.2 Spellcasting
 + Level 4.6 Hexes


You had 3 spell levels left.
You knew the following spells:

 Your Spells              Type           Power      Damage    Failure   Level
a - Corona                Hex            18%        N/A       3%          1

Your spell library contained the following spells:

 Spells                   Type           Power      Damage    Failure   Level
 Confusing Touch          Hex            17%        N/A       9%          3
 Tukima's Dance           Hex            17%        N/A       9%          3
 Ensorcelled Hibernation  Hex/Ice        18%        N/A       11%         2
 Dazzling Flash           Conj/Hex       18%        N/A       22%         3


Dungeon Overview and Level Annotations

Branches:
Dungeon (1/15)

Altars:


Innate Abilities, Weirdness & Mutations

Your natural rate of healing is unusually fast.
You have razor-sharp teeth.
You have supernaturally acute eyesight. (SInv)
You can survive without breathing.
You are afflicted with vampirism.


Message History

You barely miss the ball python.
The ball python is moderately wounded.
The ball python closely misses you. The ball python barely misses you.
You hit the ball python but do no damage.
The ball python is moderately wounded.
The ball python barely misses you. The ball python grabs you.
The ball python constricts you.
You hit the ball python.
You kill the ball python!
No target in view!
HP restored.
You see here a ball python corpse.
Found a stone staircase leading down.
c - 38 stones (gained 14)
An endoplasm comes into view.
There is a stone staircase leading down here.
Found a ring mail.
A kobold comes into view. It is wielding a +0 whip.
You barely miss the kobold. The kobold hits you but does no damage.
Casting: Corona (safe; 3% risk of failure)
Confirm with . or Enter, or press ? or * to list all spells.
Aiming: Corona (safe; 3% risk of failure)
Press: ? - help, Shift-Dir - straight line, f - kobold
Aim: a kobold, wielding a +0 whip (chance to affect: 71%)
The kobold barely resists.
The kobold hits you with a +0 whip.
You closely miss the kobold. The kobold hits you but does no damage.
You hit the kobold but do no damage. The kobold hits you but does no damage.
You closely miss the kobold. You bite the kobold.
The kobold is heavily wounded.
The kobold hits you with a +0 whip.
Casting: Corona (safe; 3% risk of failure)
Confirm with . or Enter, or press ? or * to list all spells.
Aiming: Corona (safe; 3% risk of failure)
Press: ? - help, Shift-Dir - straight line, f/p - kobold
Aim: a kobold, wielding a +0 whip (heavily wounded, chance to affect: 71%)
The kobold barely resists.
The kobold hits you with a +0 whip.
* * * LOW HITPOINT WARNING * * *
The endoplasm freezes you.
You are frozen.
You die...

#.......# #.#######
.....# #.##.####
#.##....####### #
#.....#........ .##
####....##########..
#.#.#.#.#.#.#.#.#K#.##
............>...@J..[#
#.#.#.#.#.#.#.#.#.#.##
....................
#.#.#.#.#.#.#.#.#.#.#
#......##############
#######


You could see an endoplasm and a kobold.

Vanquished Creatures
  2 endoplasms (D:1)
  3 ball pythons (D:1)
  A bat (D:1)
6 creatures vanquished.

Notes
Turn   | Place    | Note
-------+----------+-------------------------------------------
     0 | D:1      | lauthentik the Vampire Enchanter began the quest for the
                  | Orb.
     0 | D:1      | Reached XP level 1. HP: 13/13 MP: 3/3
   200 | D:1      | Killed from afar by an endoplasm

Illustrated notes

Levels and vault maps discovered:
D:1:      lightli_arrival_chessboard, layout_loops_cross, st_stairs_13,
          minmay_bisected

Action                   || total
-------------------------++-------
Melee: Dagger            ||    15
       Bite              ||     2
 Cast: Corona            ||     4
 Stab: Sleeping          ||     4
Armor: Robe              ||     3
Dodge: Dodged            ||    10

Table legend: (Time is in decaauts)
 A = Elapsed time spent in this place.
 B = Non-inter-level travel time spent in this place.
 C = Inter-level travel time spent in this place.
 D = Time resting spent in this place.
 E = Time spent auto-exploring this place.
 F = Levels seen in this place.
 G = Mean time per level.
                   A        B        C        D        E       F      G
               +--------+--------+--------+--------+--------+-----+--------+
         Total |    199 |    199 |      0 |      0 |    134 |   1 |  199.0 |
       Dungeon |    199 |    199 |      0 |      0 |    134 |   1 |  199.0 |
               +--------+--------+--------+--------+--------+-----+--------+

Top non-repeatable levels by time:
     D:1: 199 daAuts
